 Dungeon Crawl Stone Soup version 0.27-a0-1347-gd8886f0a89 (webtiles) character file.

Game seed: 18357689717191849223

670071 porpoise the Executioner (level 27, 0/261 HPs)
             Began as a Minotaur Berserker on June 21, 2021.
             Was the Champion of Trog.
             Slain by a white draconian monk (6 damage)
             ... on level 4 of the Realm of Zot on June 28, 2021.
             The game lasted 07:07:16 (103427 turns).

porpoise the Executioner (Minotaur Berserker)     Turns: 103427, Time: 07:07:17

Health: 0/261      AC: 41    Str: 30    XL:     27
Magic:  0/22       EV: 25    Int:  6    God:    Trog [******]
Gold:   4145       SH:  0    Dex: 24    Spells: 26/26 levels left

rFire    + + .     SeeInvis .   a - +8 frozen axe "Frostbite" {freezing cloud, *Noise Fly rC+}
rCold    + + +     Faith    .   (shield currently unavailable)
rNeg     + . .     Spirit   +   g - +9 gold dragon scales
rPois    +         Reflect  .   R - +2 hat {Int+3}
rElec    +         Harm     .   P - scarf {rC+ rF+}
rCorr    +         Rampage  .   J - +2 pair of gloves "Jaroff" {rCorr Dex+4}
Will     +++..                  y - +1 pair of boots of Izeqeat {rN+}
Stlth    ..........             l - amulet of Archeem {Spirit rElec Str+4 Int-3 Slay+3}
HPRegen  0.53/turn              U - ring "Teashev" {Will+ Dex+5 Stlth+}
MPRegen  0.18/turn              h - +4 ring of evasion

@: on berserk cooldown, flying, slowed, studying Bows, very slow
A: horns 2, retaliatory headbutt, talons 1, electricity resistance, weak 1
}: 4/15 runes: barnacled, slimy, silver, gossamer
a: Renounce Religion, Berserk, Trog's Hand, Brothers in Arms


You were on level 4 of the Realm of Zot.
You worshipped Trog.
Trog was exalted by your worship.
You visited 10 branches of the dungeon, and saw 54 of its levels.
You visited the Abyss 2 times.
You also visited: Sewer, Ossuary and Gauntlet.

You collected 8596 gold pieces.
You spent 4451 gold pieces at shops.

Inventory:

Hand Weapons
 a - the +8 frozen axe "Frostbite" (weapon) {freezing cloud, *Noise Fly rC+}
   (You found it on level 5 of the Pits of Slime)

   It has been specially enchanted to freeze those struck by it, causing extra
   injury to most foes and up to half again as much damage against particularly
   susceptible opponents.
   It can also slow down cold-blooded creatures.
   rC:        It protects you from cold.
   Fly:       It grants you flight.
   *Noise:    It may make noises in combat.
 b - a +9 longbow of freezing
 w - a +6 executioner's axe of electrocution
Missiles
 e - 1365 arrows
 j - 15 throwing nets
 p - 32 silver javelins
 Y - 45 javelins (quivered)
Armour
 g - +9 gold dragon scales (worn)
 y - the +1 pair of boots of Izeqeat (worn) {rN+}
   (You acquired it on level 5 of the Depths)

   rN:        It protects you from negative energy.
 J - the +2 pair of gloves "Jaroff" (worn) {rCorr Dex+4}
   (You acquired it on level 15 of the Dungeon)

   Dex:       It affects your dexterity (+4).
   rCorr:     It protects you from acid and corrosion.
 P - a scarf of resistance (worn)
 R - a +2 hat of intelligence (worn)
Jewellery
 h - a +4 ring of evasion (right hand)
 l - the amulet of Archeem (around neck) {Spirit rElec Str+4 Int-3 Slay+3}
   (You took it off a tengu reaver on level 5 of the Vaults)

   [amulet of guardian spirit]

   It causes incoming damage to be divided between your reserves of health and
   magic.Str: It affects your strength (+4).
   Int:       It affects your intelligence (-3).
   Slay:      It affects your accuracy & damage with ranged weapons and melee
   (+3).
   rElec:     It insulates you from electricity.
 E - a ring of see invisible
 U - the ring "Teashev" (left hand) {Will+ Dex+5 Stlth+}
   (You found it on level 5 of the Pits of Slime)

   [ring of willpower]

   Dex:       It affects your dexterity (+5).
   Will:      It increases your willpower.
   Stlth:     It makes you more stealthy.
Wands
 B - a wand of iceblast (82)
 I - a wand of paralysis (18)
 K - a wand of charming (12)
 L - a wand of mindburst (60)
 O - a wand of acid (45)
 Q - a wand of digging (14)
Scrolls
 c - 2 scrolls of silence
 d - 18 scrolls of teleportation
 q - 9 scrolls of fog
 r - 22 scrolls of identify
 v - 4 scrolls of fear
 z - 7 scrolls of magic mapping
 D - 8 scrolls of vulnerability
 F - 5 scrolls of summoning
 H - 11 scrolls of noise
 N - a scroll of holy word
Potions
 i - a potion of resistance
 k - 7 potions of ambrosia
 m - a potion of attraction
 o - 20 potions of curing
 s - 7 potions of haste
 x - 3 potions of cancellation
 A - 3 potions of heal wounds
 C - 8 potions of lignification
 G - 2 potions of invisibility
 V - 6 potions of might
Miscellaneous
 f - a condenser vane
 n - a tin of tremorstones (2/2)
 t - a phial of floods
 u - a box of beasts


   Skills:
 - Level 24.0 Fighting
 - Level 26.0 Axes
 - Level 20.0 Bows
 - Level 16.0 Throwing
 + Level 21.9 Armour
 + Level 20.7 Dodging
 - Level 12.0 Shields
 - Level 12.0 Evocations


You had 26 spell levels left.
You didn't know any spells.
Your spell library contained the following spells:

 Spells                   Type           Power      Damage    Failure   Level
 Animate Skeleton         Necr           0%         N/A       99%         1
 Apportation              Tloc           0%         N/A       99%         1
 Beastly Appendage        Tmut           0%         N/A       99%         1
 Corona                   Hex            0%         N/A       99%         1
 Foxfire                  Conj/Fire      0%         2x1d4     99%         1
 Freeze                   Ice            0%         1d3       99%         1
 Magic Dart               Conj           0%         1d3       99%         1
 Pain                     Necr           0%         1d4       99%         1
 Sandblast                Erth           0%         2d4       99%         1
 Sting                    Tmut/Pois      0%         1d3       99%         1
 Summon Small Mammal      Summ           0%         N/A       99%         1
 Blink                    Tloc           N/A        N/A       99%         2
 Call Imp                 Summ           0%         N/A       99%         2
 Corpse Rot               Necr/Air       N/A        N/A       99%         2
 Ensorcelled Hibernation  Hex/Ice        0%         N/A       99%         2
 Passwall                 Tmut/Erth      0%         N/A       99%         2
 Poisonous Vapours        Pois/Air       0%         N/A       99%         2
 Searing Ray              Conj           0%         3d3       99%         2
 Slow                     Hex            0%         N/A       99%         2
 Static Discharge         Conj/Air       0%         N/A       99%         2
 Sublimation of Blood     Necr           0%         N/A       99%         2
 Wereblood                Tmut           0%         N/A       99%         2
 Call Canine Familiar     Summ           0%         N/A       100%        3
 Confusing Touch          Hex            0%         N/A       100%        3
 Conjure Flame            Conj/Fire      0%         6-21      100%        3
 Dazzling Flash           Conj/Hex       0%         N/A       100%        3
 Frozen Ramparts          Ice            0%         1d2       100%        3
 Gell's Gravitas          Tloc           0%         N/A       100%        3
 Ignite Poison            Fire/Tmut/Pois 0%         N/A       100%        3
 Inner Flame              Hex/Fire       0%         N/A       100%        3
 Lesser Beckoning         Tloc           0%         N/A       100%        3
 Ozocubu's Armour         Ice            0%         N/A       100%        3
 Spider Form              Tmut/Pois      0%         N/A       100%        3
 Stone Arrow              Conj/Erth      0%         3d7       100%        3
 Swiftness                Air            0%         N/A       100%        3
 Teleport Other           Tloc           0%         N/A       100%        3
 Tukima's Dance           Hex            0%         N/A       100%        3
 Vampiric Draining        Necr           0%         2d6       100%        3
 Animate Armour           Summ/Erth      0%         N/A       100%        4
 Animate Dead             Necr           0%         N/A       100%        4
 Cause Fear               Hex            0%         N/A       100%        4
 Dispel Undead            Necr           0%         3d6       100%        4
 Fulminant Prism          Conj/Hex       0%         3d6       100%        4
 Hailstorm                Conj/Ice       0%         3d3       100%        4
 Ice Form                 Ice/Tmut       0%         N/A       100%        4
 Iskenderun's Mystic Bla  Conj/Tloc      0%         2d3       100%        4
 Leda's Liquefaction      Hex/Erth       0%         N/A       100%        4
 Passage of Golubria      Tloc           N/A        N/A       100%        4
 Petrify                  Tmut/Erth      0%         N/A       100%        4
 Sticky Flame             Conj/Fire      0%         2d3       100%        4
 Summon Ice Beast         Ice/Summ       0%         N/A       100%        4
 Summon Lightning Spire   Summ/Air       0%         N/A       100%        4
 Agony                    Necr           0%         N/A       100%        5
 Alistair's Intoxication  Tmut/Pois      0%         N/A       100%        5
 Blade Hands              Tmut           0%         N/A       100%        5
 Bolt of Magma            Conj/Fire/Erth 0%         4d4       100%        5
 Borgnjor's Vile Clutch   Necr/Erth      0%         N/A       100%        5
 Excruciating Wounds      Necr           0%         N/A       100%        5
 Fireball                 Conj/Fire      0%         3d3       100%        5
 Irradiate                Conj/Tmut      0%         3d13      100%        5
 Iskenderun's Battlesphe  Conj           0%         2d6       100%        5
 Lee's Rapid Deconstruct  Erth           0%         3d5*      100%        5
 Lightning Bolt           Conj/Air       0%         1d11      100%        5
 Manifold Assault         Tloc           0%         N/A       100%        5
 Metabolic Englaciation   Hex/Ice        0%         N/A       100%        5
 Silence                  Hex/Air        0%         N/A       100%        5
 Summon Forest            Summ/Tloc      0%         N/A       100%        5
 Yara's Violent Unravell  Hex/Tmut       0%         3d3       100%        5
 Conjure Ball Lightning   Conj/Air       0%         3x3d6     100%        6
 Eringya's Noxious Bog    Tmut/Pois      0%         N/A       100%        6
 Invisibility             Hex            0%         N/A       100%        6
 Iron Shot                Conj/Erth      0%         9d1       100%        6
 Shadow Creatures         Summ           N/A        N/A       100%        6
 Simulacrum               Ice/Necr       0%         N/A       100%        6
 Starburst                Conj/Fire      0%         8x6d3     100%        6
 Statue Form              Tmut/Erth      0%         N/A       100%        6
 Dragon Form              Tmut           0%         N/A       100%        7
 Orb of Destruction       Conj           0%         N/A       100%        7
 Spellforged Servitor     Conj/Summ      0%         N/A       100%        7
 Storm Form               Tmut/Air       0%         N/A       100%        7
 Summon Hydra             Summ           0%         N/A       100%        7
 Borgnjor's Revivificati  Necr           0%         N/A       100%        8
 Discord                  Hex            0%         N/A       100%        8
 Ignition                 Fire           0%         3d3       100%        8
 Infestation              Necr           0%         N/A       100%        8
 Necromutation            Tmut/Necr      0%         N/A       100%        8
 Death's Door             Necr           0%         N/A       100%        9
 Polar Vortex             Ice            0%         N/A       100%        9
 Shatter                  Erth           0%         3d5*      100%        9


Dungeon Overview and Level Annotations

Branches:
Dungeon (15/15)            Temple (0/1) D:5            Lair (6/6) D:10
 Shoals (4/4) Lair:2       Spider (4/4) Lair:4        Slime (5/5) Lair:6
    Orc (2/2) D:9             Elf (3/3) Orc:2        Vaults (5/5) D:14
  Crypt (0/3) Vaults:2     Depths (5/5) D:15            Zot (5/5) Depths:5
  Sewer (visited)         Ossuary (visited)         Gauntlet (visited)

Altars:
Ashenzari
Cheibriados
Dithmenos
Gozag
Hepliaklqana
Kikubaaqudgha
Makhleb
Okawaru
Uskayaw
Wu Jian
Xom
Yredelemnul
Zin
Jiyva

Shops:
D:1 (   D:14 =   Orc:2 =?**!   Elf:1 **=   Shoals:2 *   Shoals:4 [   Depths:2 *

Portals:
Hell: Depths:1 Depths:2 Depths:3 Depths:4 Depths:5
Abyss: Depths:2 Depths:4
Pandemonium: Depths:3 Depths:5
Ziggurat: Depths:2

Annotations:
D:14 exclusion: 4 oklob plants
Lair:4 exclusion: downstairs
Shoals:3 3 runed translucent doors, krigyl's ghost, adept GrEE


Innate Abilities, Weirdness & Mutations

You have a pair of horns on your head.
You reflexively headbutt those who attack you in melee.
You have sharp toenails.
You are resistant to electric shocks. (rElec)
You are weak. (Str -2)


Message History

* * * LOW HITPOINT WARNING * * *
The white draconian monk is engulfed in freezing vapours.
The white draconian monk hits you!!
* * * LOW HITPOINT WARNING * * *
The white draconian monk barely misses you.
The white draconian monk completely misses you.
As you read the scroll of fear, it crumbles to dust.
You assume a fearsome visage.
The green draconian monk is unaffected.
The white draconian monk is unaffected.
The green draconian monk hits you.
* * * LOW HITPOINT WARNING * * *
The green draconian monk closely misses you.
The green draconian monk tail-slaps you but does no damage.
The green draconian monk completely misses you.
The white draconian monk is engulfed in freezing vapours.
The white draconian monk closely misses you.
You furiously retaliate!
You headbutt the white draconian monk.
The white draconian monk completely misses you.
The white draconian monk tail-slaps you but does no damage.
The green draconian monk completely misses you.
You furiously retaliate!
You headbutt the green draconian monk.
The green draconian monk closely misses you.
The green draconian monk completely misses you.
The green draconian monk closely misses you.
The white draconian monk is engulfed in freezing vapours.
The white draconian monk hits you but does no damage.
The white draconian monk barely misses you.
The white draconian monk tail-slaps you but does no damage.
You feel much better. The white draconian monk misses you.
You furiously retaliate!
You headbutt the white draconian monk!
The white draconian monk kicks you but does no damage.
The white draconian monk completely misses you.
The green draconian monk hits you!!
* * * LOW HITPOINT WARNING * * *
The green draconian monk kicks you but does no damage.
The green draconian monk closely misses you.
The green draconian monk tail-slaps you.
* * * LOW HITPOINT WARNING * * *
The white draconian monk hits you but does no damage.
The white draconian monk kicks you.
You die...

#.###.#......# #.#
#.###.'......#######'#
#.###.#########.......
#.###.# #.....PP
#.###.# #..P.≈≈≈
#.#≈#.# #....≈≈≈
#.#≈#.# #..P.≈≈≈
#.#≈#q# #....≈≈≈
#.###@# #...P.P.
#.###q# #.......
#.###.#### ########
#.....##.# #.....+..#
#^....##.# #.....##.#
##########
###'####.####.........
#.####.#..'.........


You could see 2 draconians.

Vanquished Creatures
  the Royal Jelly (Slime:5)
  A dread lich (Vaults:5)
  2 royal mummies (Depths:3)
  Saint Roka (Orc:1)
  A curse toe (Zot:4)
  10 golden dragons
  Nikola (Elf:2)
  An electric golem (Zot:2)
  4 hellephants
  13 tentacled monstrosities
  Jorgrun (Lair:2)
  2 liches
  8 titans
  2 deep elf master archers (Elf:3)
  3 deep elf blademasters
  14 quicksilver dragons
  14 acid blobs
  A tentacled starspawn (Abyss:3)
  13 sphinxes
  12 death cobs
  2 krakens
  5 tengu reavers (Vaults:5)
  Roxanne (Spider:2)
  Gastronok (D:9)
  7 shadow dragons
  3 draconian monks
  14 storm dragons
  An iron dragon (Depths:4)
  8 fire giants
  6 rockslimes
  12 azure jellies
  4 draconian knights
  2 orc warlords
  A cacodemon (Abyss:3)
  12 ghost moths
  3 draconian scorchers
  Aizul (Vaults:1)
  18 frost giants
  4 deep elf sorcerers
  11 vault wardens
  2 emperor scorpions (Spider:4)
  28 ironbound preservers
  7 draconian stormcallers
  3 deep elf elementalists (Elf:3)
  4 draconian annihilators
  4 draconian shifters
  5 war gargoyles
  The ghost of Qoqufel the Bludgeoner, a journeyman GrFi of Okawaru (Spider:2)
  16 stone giants
  2 spriggan defenders (Depths:3)
  28 very ugly things
  A reaper (Abyss:3)
  An ophan (Abyss:2)
  4 quicksilver oozes
  A vampire knight (Depths:4)
  8 black draconians
  15 red draconians
  9 green draconians
  9 purple draconians
  Nessos (D:13)
  7 deep elf demonologists
  8 deep elf annihilators
  5 dire elephants
  5 entropy weavers
  Azrael (Orc:2)
  11 spark wasps
  8 yellow draconians
  5 white draconians
  The ghost of Demosthentine the Spear-Bearer, a journeyman MfGl of the Shining One (D:14)
  2 minotaurs
  9 ettins
  Snorg (Orc:1)
  5 merfolk javelineers
  6 deep elf death magi
  8 fire dragons
  2 mummy priests (Depths:3)
  A crystal guardian (Vaults:1)
  8 merfolk impalers
  An ettin (shapeshifter) (Depths:2)
  18 yaktaur captains
  11 great orbs of eyes
  6 ice dragons
  3 deep elf high priests
  35 vault guards
  3 rakshasas
  2 peacekeepers
  8 hydras
  7 ironbound thunderhulks
  3 boulder beetles
  20 centaur warriors
  7 ironbound frosthearts
  6 merfolk avatars
  3 ogre magi (Vaults:5)
  7 spriggan air magi
  7 two-headed ogres
  5 merfolk aquamancers
  2 satyrs
  7 hell hogs (Depths:5)
  11 deep troll shamans
  4 tengu warriors
  9 deep troll earth magi
  A two-headed ogre (shapeshifter) (Gauntlet)
  A vampire mage (Depths:3)
  23 dancing weapons
  4 orc high priests
  2 thrashing horrors (Abyss:3)
  A death yak (Lair:4)
  A shock serpent (shapeshifter) (D:14)
  13 hell knights
  A sun demon (Depths:4)
  6 ironbound beastmasters
  5 spriggan berserkers
  14 deep elf knights
  13 iron trolls
  5 skeletal warriors (D:15)
  A spatial maelstrom (Abyss:2)
  2 wretched stars
  4 flayed ghosts
  A deep troll (shapeshifter) (Vaults:5)
  14 sea snakes
  9 glowing orange brains
  4 phantasmal warriors
  77 deep trolls
  23 ironbound convokers
  2 lindwurms (Vaults:1)
  8 orc knights
  10 deep elf archers
  8 wizards
  59 ugly things
  An orb spider (shapeshifter) (Vaults:5)
  35 deep elf zephyrmancers
  35 deep elf pyromancers
  16 harpies
  A harpy (shapeshifter) (Vaults:5)
  2 necromancers
  24 wolf spiders
  2 lindwurms (shapeshifter)
  24 orb spiders
  27 manticores
  14 fauns
  5 orc sorcerers
  2 oklob plants (Lair:5)
  A salamander (shapeshifter) (Vaults:4)
  A moth of wrath (shapeshifter) (D:14)
  3 shining eyes
  A large abomination (Abyss:3)
  27 moths of wrath
  A manticore (shapeshifter) (Vaults:5)
  An elephant (shapeshifter) (Vaults:5)
  5 cyclopes
  A frost giant skeleton (Vaults:3)
  2 black mambas
  A black mamba (shapeshifter) (Vaults:5)
  2 human skeletons (Vaults:3)
  An elf zombie (Vaults:3)
  10 elephants
  6 merfolk sirens
  4 eyes of devastation
  3 smoke demons
  A water nymph (shapeshifter) (Vaults:5)
  3 water nymphs
  19 vault sentinels
  4 gargoyles
  3 torpor snails
  A hellion (Abyss:3)
  A minotaur zombie (Gauntlet)
  A rime drake (shapeshifter) (Gauntlet)
  7 freezing wraiths
  22 cane toads
  3 rime drakes
  30 yaktaurs
  2 tengu conjurers
  12 komodo dragons
  2 efreet
  3 hellwings (Abyss:2)
  An ancient zyme (Abyss:3)
  9 demonic crawlers
  4 trolls
  29 merfolk
  4 wind drakes
  8 guardian mummies
  10 polar bears
  29 jumping spiders
  8 meliai
  23 hornets
  A queen bee (D:14)
  28 blink frogs
  3 raiju (Abyss:3)
  A slime creature (shapeshifter) (Vaults:4)
  7 dream sheep
  An alligator zombie (Abyss:2)
  141 slime creatures
  3 dream sheep (shapeshifter)
  5 centaur simulacra (D:11)
  16 snapping turtles
  A spriggan (shapeshifter) (D:13)
  A shadow (D:13)
  6 spriggans (Depths:3)
  14 water elementals
  33 tarantellas
  53 redbacks
  3 air elementals
  7 wyverns
  6 wraiths
  29 yaks
  2 hogs (shapeshifter)
  6 fire elementals (Orc:2)
  4 steam dragons
  4 basilisks
  2 golden eyes
  5 neqoxecs
  13 vampire mosquitoes
  5 wargs
  2 acid dragons
  15 water moccasins
  A floating eye (shapeshifter) (Vaults:1)
  A hell hound (Orc:2)
  2 floating eyes
  25 orc warriors
  2 sky beasts
  A swamp drake (D:9)
  6 ice beasts
  A hornet zombie (D:6)
  3 black bears
  6 ogres
  A swamp drake (shapeshifter) (Gauntlet)
  11 centaurs
  31 wolves
  3 boggarts (Vaults:2)
  2 phantoms (D:6)
  3 small abominations
  A kobold brigand (Sewer)
  Blork the orc (D:5)
  A wyvern zombie (D:6)
  12 bullfrogs
  2 earth elementals
  2 scorpions
  A water moccasin zombie (D:5)
  41 killer bees
  9 wights (D:7)
  4 howler monkeys
  4 electric eels
  7 centaur zombies
  A jelly (D:5)
  7 hounds
  22 orc priests
  Jessica (D:2)
  Natasha (D:2)
  2 iguanas (Lair:1)
  3 hell rats (Lair:1)
  40 orc wizards
  8 mummies
  3 howler monkey zombies
  4 gnolls (D:2)
  13 adders
  7 river rats
  4 white imps
  5 ufetubi
  2 adder skeletons (D:4)
  An adder zombie (D:1)
  3 worms
  A dart slug (D:1)
  76 orcs
  5 bats
  12 endoplasms
  8 giant cockroaches
  13 goblins
  9 hobgoblins
  7 jackals (D:2)
  15 kobolds
  3 quokkas
  16 ball pythons
  A ball python zombie (D:1)
  2 frilled lizards (D:1)
  4 goblin zombies
  4 hobgoblin zombies (Ossuary)
  A kobold zombie (Ossuary)
  A quokka zombie (D:5)
  9 rats
  A lurking horror (Abyss:2)
  A plant (Lair:1)
  2 starspawn tentacles (Abyss:3)
  8 tentacles
2384 creatures vanquished.

Vanquished Creatures (collateral kills)
  A tentacled monstrosity (Vaults:5)
  A shadow dragon (Vaults:5)
  An iron dragon (Vaults:5)
  2 vault wardens
  A war gargoyle (Vaults:2)
  A green draconian (Zot:2)
  An ettin (Vaults:5)
  A boulder beetle (D:13)
  A vault guard (Vaults:2)
  A death knight (D:13)
  A merfolk avatar (Lair:6)
  2 centaur warriors
  2 dancing weapons (Elf:2)
  A deep elf knight (Elf:2)
  A skeletal warrior (D:13)
  An ironbound convoker (Vaults:2)
  A deep elf zephyrmancer (Elf:1)
  3 ugly things
  A manticore (D:13)
  A deep elf pyromancer (Elf:1)
  2 vault sentinels (Vaults:2)
  Maggie (D:8)
  A cane toad (Lair:1)
  A kobold demonologist (D:13)
  A komodo dragon (Lair:1)
  A yaktaur (Vaults:2)
  A dream sheep (Shoals:3)
  3 slime creatures
  A wyvern (D:10)
  A vampire (D:10)
  A steam dragon (D:10)
  3 basilisks
  A water moccasin (D:10)
  A boggart (Vaults:2)
  A bullfrog (Lair:1)
  2 iguanas
47 creatures vanquished.

Vanquished Creatures (others)
  A red draconian (Zot:3)
  A hell hog (Depths:5)
  A deep elf knight (Elf:1)
  A harpy (Shoals:4)
  A wizard (Vaults:4)
  A deep elf zephyrmancer (Elf:2)
  A manticore (Shoals:4)
  A jumping spider (Spider:3)
  A killer bee (D:14)
  2 bushes
  39 fungi
  155 plants
  15 tentacles
220 creatures vanquished.

Grand Total: 2651 creatures vanquished

Notes
Turn   | Place    | Note
-------+----------+-------------------------------------------
     0 | D:1      | porpoise the Minotaur Berserker began the quest for the
                  | Orb.
     0 | D:1      | Reached XP level 1. HP: 19/19 MP: 0/0
   262 | D:1      | Reached skill level 4 in Axes
   262 | D:1      | Reached XP level 2. HP: 27/27 MP: 1/1
   944 | D:1      | Found Ify Veru's Weapon Shoppe.
  1006 | D:1      | Reached XP level 3. HP: 33/34 MP: 2/2
  1368 | D:2      | Found a faded altar of an unknown god.
  1429 | D:2      | Reached ** piety under Trog
  1432 | D:2      | Reached XP level 4. HP: 41/41 MP: 3/3
  1435 | D:2      | Reached skill level 5 in Fighting
  1435 | D:2      | Reached skill level 5 in Axes
  1918 | D:2      | Noticed Jessica
  1926 | D:2      | Killed Jessica
  1927 | D:2      | Reached XP level 5. HP: 31/49 MP: 4/4
  2322 | D:2      | Noticed Natasha
  2329 | D:2      | Killed Natasha
  2540 | D:2      | Reached skill level 6 in Axes
  2682 | D:2      | Reached *** piety under Trog
  3431 | D:1      | Bought a +0 broad axe of flaming for 110 gold pieces
  3959 | D:4      | Found a glowing drain.
  4001 | Sewer    | Entered a sewer
  4024 | Sewer    | Reached XP level 6. HP: 57/57 MP: 5/5
  5231 | D:4      | Reached skill level 7 in Axes
  5536 | D:4      | Reached XP level 7. HP: 62/66 MP: 6/6
  5776 | D:4      | You fall into a shaft and drop 2 floors!
  5789 | D:6      | Found a snail-covered altar of Cheibriados.
  5851 | D:6      | Reached **** piety under Trog
  6184 | D:5      | Entered Level 5 of the Dungeon
  6204 | D:5      | Reached skill level 8 in Axes
  6340 | D:5      | Found a sand-covered staircase.
  6357 | Ossuary  | Entered an ossuary
  6357 | Ossuary  | Noticed a wraith
  6357 | Ossuary  | Noticed a wraith
  6357 | Ossuary  | Noticed a wraith
  6560 | Ossuary  | Noticed a wraith
  6565 | Ossuary  | Killed a wraith
  6566 | Ossuary  | Reached XP level 8. HP: 75/75 MP: 7/7
  7279 | D:5      | Found an opulent altar of Gozag.
  7280 | D:5      | Found a glowing silver altar of Zin.
  7400 | D:5      | Noticed Blork the orc
  7412 | D:5      | Killed Blork the orc
  7413 | D:5      | Reached skill level 9 in Axes
  7627 | D:5      | Found a staircase to the Ecumenical Temple.
  7666 | D:5      | Found a shadowy altar of Dithmenos.
  8207 | D:6      | Reached skill level 10 in Axes
  8207 | D:6      | Reached skill level 5 in Armour
  8963 | D:6      | Reached XP level 9. HP: 65/83 MP: 8/8
  9473 | D:7      | Reached skill level 11 in Axes
  9979 | D:7      | Noticed a deep elf zephyrmancer
  9988 | D:7      | Killed a deep elf zephyrmancer
 10206 | D:7      | Reached skill level 12 in Axes
 10213 | D:7      | Reached ***** piety under Trog
 10215 | D:7      | Reached skill level 5 in Dodging
 11216 | D:8      | Found a hazy altar of Hepliaklqana.
 11216 | D:8      | Found a burning altar of Makhleb.
 11222 | D:8      | Noticed a purple ugly thing
 11224 | D:8      | Found an ornate altar of the Wu Jian Council.
 11230 | D:7      | Reached XP level 10. HP: 23/91 MP: 9/9
 11660 | D:8      | Killed a purple ugly thing
 11784 | D:8      | Found a flagged portal.
 12149 | D:8      | Noticed Maggie
 12154 | D:8      | Killed Maggie
 12507 | D:8      | Found an iron altar of Okawaru.
 12527 | D:8      | Reached skill level 13 in Axes
 12540 | D:8      | Reached skill level 1 in Evocations
 13210 | D:9      | Identified the +6 dagger "Gion" {freeze, rPois}
 13547 | D:9      | Found a staircase to the Orcish Mines.
 14505 | D:9      | Noticed Gastronok
 14514 | D:9      | Killed Gastronok
 14515 | D:9      | Reached skill level 14 in Axes
 14677 | D:9      | Reached XP level 11. HP: 93/97 MP: 10/10
 14861 | D:10     | Entered Level 10 of the Dungeon
 14883 | D:10     | Reached skill level 5 in Evocations
 15097 | D:10     | Noticed a two-headed ogre
 15108 | D:10     | Killed a two-headed ogre
 15211 | D:10     | Reached skill level 10 in Fighting
 15219 | D:10     | Reached skill level 15 in Axes
 15503 | D:10     | Found a staircase to the Lair.
 15807 | D:10     | Noticed a two-headed ogre
 15812 | D:10     | Killed a two-headed ogre
 15983 | D:10     | Found a hide-covered altar of Uskayaw.
 16228 | D:10     | Noticed a two-headed ogre
 16236 | D:10     | Killed a two-headed ogre
 16907 | D:11     | You fall into a shaft and drop 2 floors!
 16907 | D:13     | Noticed an orb spider
 16909 | D:13     | Noticed a wolf spider
 16909 | D:13     | Noticed a centaur warrior
 16910 | D:13     | Noticed a two-headed ogre
 16910 | D:13     | Noticed a two-headed ogre
 16911 | D:13     | Noticed a two-headed ogre
 16918 | D:13     | Killed a centaur warrior
 16918 | D:13     | an orb spider changed into a spriggan
 16920 | D:13     | Killed a two-headed ogre
 16920 | D:13     | Killed a wolf spider
 16921 | D:13     | Reached skill level 16 in Axes
 16921 | D:13     | Noticed a red ugly thing
 16923 | D:13     | Killed a two-headed ogre
 16923 | D:13     | Noticed a centaur warrior
 16924 | D:13     | Reached XP level 12. HP: 84/112 MP: 11/11
 16924 | D:13     | Killed a two-headed ogre
 17006 | D:13     | Received a gift from Trog
 17290 | D:13     | Noticed a centaur warrior
 17300 | D:13     | Killed a centaur warrior
 17620 | D:13     | Identified the +1 cloak "Edexumop" {rPois Str+2}
 17655 | D:13     | Killed a centaur warrior
 18404 | D:11     | Reached skill level 17 in Axes
 19906 | Lair:1   | Entered Level 1 of the Lair of Beasts
 19928 | Lair:1   | Reached XP level 13. HP: 109/124 MP: 12/12
 20031 | Lair:1   | You fall into a shaft and drop 1 floor!
 20151 | Lair:2   | Found a staircase to the Shoals.
 20155 | Lair:2   | Reached skill level 18 in Axes
 20329 | Lair:1   | Identified the +3 ring mail "Fososiuci" {rC+ rN+ Regen+
                  | Slay+3}
 21991 | Lair:2   | Reached skill level 10 in Armour
 22008 | Lair:2   | Received a gift from Trog
 23231 | Lair:4   | Reached skill level 19 in Axes
 23246 | Lair:4   | Found a hole to the Spider Nest.
 24299 | Lair:5   | Identified the +6 scale mail "Quhouf" {rPois Regen+ Str+3}
 24369 | Lair:5   | Reached XP level 14. HP: 131/132 MP: 13/13
 25105 | D:13     | Noticed Nessos
 25111 | D:13     | Killed Nessos
 25579 | D:13     | Received a gift from Trog
 26362 | D:14     | Found a gate leading to a gauntlet.
 26381 | Gauntlet | Entered a Gauntlet
 26381 | Gauntlet | Found a transporter.
 26381 | Gauntlet | Found a transporter.
 26402 | Gauntlet | Found a transporter.
 26405 | Gauntlet | Found a transporter.
 26415 | Gauntlet | Found a transporter.
 26418 | Gauntlet | Found a transporter.
 26430 | Gauntlet | Found a transporter.
 26447 | Gauntlet | Found a transporter.
 26452 | Gauntlet | Found a transporter.
 26453 | Gauntlet | Found a transporter.
 26461 | Gauntlet | Found a transporter.
 26464 | Gauntlet | Found a transporter.
 26796 | Gauntlet | Identified the +1 pair of gloves of the Great Game {rF++
                  | rC- Will+ Stlth-}
 26979 | Gauntlet | Identified the +4 great sword "Waufiqi" {vamp, rF- Str+7}
 27017 | Gauntlet | Identified the +0 robe of Bukewaf {Will+}
 27047 | Gauntlet | Reached skill level 20 in Axes
 27561 | D:14     | Found a large runed translucent door.
 27561 | D:14     | Found a large runed translucent door.
 27567 | D:14     | Noticed Demosthentine's ghost (journeyman MfGl)
 27582 | D:14     | Killed Demosthentine's ghost
 27685 | D:14     | Found Waitudd's Jewellery Shop.
 27988 | D:14     | Found a gate to the Vaults.
 27988 | D:14     | Noticed an ironbound preserver
 28001 | D:14     | Killed an ironbound preserver
 28002 | D:14     | Reached skill level 10 in Dodging
 28215 | D:14     | Found a broken altar of Ashenzari.
 28315 | D:14     | Reached skill level 1 in Shields
 28327 | D:14     | Received a gift from Trog
 28343 | D:14     | Noticed a frost giant
 28347 | D:14     | Reached XP level 15. HP: 77/138 MP: 14/14
 28549 | D:14     | Reached skill level 5 in Shields
 28990 | D:15     | Entered Level 15 of the Dungeon
 29665 | D:15     | Identified a scroll of acquirement
 29665 | D:15     | Acquired the +2 pair of gloves "Jaroff" {rCorr Dex+4}
 29955 | D:15     | Found a staircase to the Depths.
 30244 | Lair:6   | Entered Level 6 of the Lair of Beasts
 30513 | Lair:6   | Received a gift from Trog
 30696 | Lair:6   | Reached skill level 10 in Shields
 31219 | Lair:6   | Found a staircase to the Slime Pits.
 31219 | Lair:6   | Found a viscous altar of Jiyva.
 31487 | Lair:6   | Identified the +0 robe of the Armoured One {Int+3 SInv}
 31968 | Lair:6   | Reached XP level 16. HP: 146/146 MP: 15/15
 32253 | Orc:1    | Entered Level 1 of the Orcish Mines
 32455 | Orc:2    | Entered Level 2 of the Orcish Mines
 32472 | Orc:2    | Noticed Saint Roka
 32648 | Orc:1    | Killed Saint Roka
 32712 | Orc:2    | Reached ****** piety under Trog
 32734 | Orc:2    | Identified the +8 battleaxe "Tayc" {flame, rF+} (Trog
                  | gifted it to you on level 2 of the Orcish Mines)
 32734 | Orc:2    | Received a gift from Trog
 32775 | Orc:2    | Found a staircase to the Elven Halls.
 33022 | Orc:1    | Noticed Snorg
 33032 | Orc:1    | Killed Snorg
 33292 | Orc:2    | Paralysed by an orc sorcerer for 4 turns
 33460 | Orc:2    | Noticed Azrael
 33468 | Orc:2    | Killed Azrael
 33511 | Orc:2    | Found Hyuq's Jewellery Boutique.
 33931 | Orc:2    | Found Adixtiroj's Distillery.
 33932 | Orc:2    | Found Sekkiyph's Assorted Antiques.
 33933 | Orc:2    | Found Imijorch's Magic Scroll Boutique.
 33937 | Orc:2    | Found Piug's Assorted Antiques.
 33940 | Orc:2    | Bought a potion of heal wounds for 75 gold pieces
 33942 | Orc:2    | Bought a scroll of identify for 62 gold pieces
 33945 | Orc:2    | Bought a scroll of identify for 22 gold pieces
 33945 | Orc:2    | Bought a scroll of identify for 22 gold pieces
 33947 | Orc:2    | Reached skill level 5 in Bows
 33947 | Orc:2    | Reached XP level 17. HP: 154/154 MP: 16/16
 33950 | Orc:2    | Bought a potion of heal wounds for 190 gold pieces
 33978 | Orc:2    | Bought a wand of paralysis (10) for 62 gold pieces
 33978 | Orc:2    | Bought a runed hunting sling for 139 gold pieces
 33978 | Orc:2    | Bought a wand of iceblast (8) for 124 gold pieces
 33978 | Orc:2    | Bought a silver wand for 124 gold pieces
 34270 | D:14     | Bought the amulet "Narhojatz" {Spirit Rampage Drain Will+}
                  | for 629 gold pieces
 34505 | Orc:2    | Bought the ring of the Mage {Wiz Will++ Int+3} for 930 gold
                  | pieces
 34505 | Orc:2    | Found the ring of the Mage {Wiz Will++ Int+3}
 34521 | Elf:1    | Entered Level 1 of the Elven Halls
 34526 | Elf:1    | Reached skill level 15 in Fighting
 34680 | Elf:1    | Found Hoguah's General Store.
 34682 | Elf:1    | Found Asheluy's Assorted Antiques.
 34685 | Elf:1    | Found Osibry's Jewellery Shoppe.
 34973 | Elf:1    | Identified the +5 hand axe "Hilih" {flame, rPois rN++
                  | Dex+5} (Trog gifted it to you on level 1 of the Elven
                  | Halls)
 34973 | Elf:1    | Received a gift from Trog
 34979 | Elf:1    | HP: 6/156 [+2 glaive of venom (25)]
 35393 | Elf:1    | Identified the Handbook of the Entourage
 35771 | Elf:1    | Reached skill level 1 in Throwing
 36765 | Elf:2    | Received a gift from Trog
 36936 | Elf:2    | Noticed Nikola
 36946 | Elf:2    | Killed Nikola
 37017 | Elf:2    | Found a huge runed translucent gate.
 37017 | Elf:2    | Found a huge runed translucent gate.
 37017 | Elf:2    | Found a huge runed translucent gate.
 37017 | Elf:2    | Found a huge runed translucent gate.
 37017 | Elf:2    | Found a huge runed translucent gate.
 37481 | Elf:2    | Reached skill level 5 in Throwing
 37481 | Elf:2    | Reached XP level 18. HP: 166/166 MP: 11/17
 37967 | Elf:2    | Cast into level 3 of the Abyss (+6 bardiche of distortion)
 38022 | Abyss:3  | Found a shadowy altar of Dithmenos.
 38084 | Abyss:3  | Gained mutation: You are weak. (Str -2) [a neqoxec]
 38104 | Abyss:3  | Received a gift from Trog
 38207 | Abyss:3  | Noticed a hellephant
 38224 | Abyss:3  | Killed a hellephant
 38249 | Elf:2    | Escaped the Abyss
 38872 | Elf:3    | Entered Level 3 of the Elven Halls
 40277 | Elf:3    | Noticed a Brimstone Fiend
 40710 | Elf:3    | Noticed a Brimstone Fiend
 40776 | Elf:3    | Noticed a Tzitzimitl
 40881 | Elf:3    | Identified the +6 scimitar of an ossuary {drain, rPois rF-
                  | rC+ Str+6}
 40887 | Elf:3    | Received a gift from Trog
 41161 | Elf:3    | Identified the amulet of Wu Jian's Fury {Acrobat rPois rN+
                  | Dex+9 Stlth-}
 41165 | Elf:3    | Reached XP level 19. HP: 127/179 MP: 11/18
 41167 | Elf:3    | Identified the ring "Yshuaheu" {rPois rF- rN+ Int+6}
 41349 | Elf:3    | Identified the +10 shortbow "Faup Rew" {flame, Fragile
                  | +Blink rC++ Int-4}
 41438 | Elf:3    | Identified the +10 plate armour of the Cockatrice {rF-
                  | Str-5 Int+9 Dex+8}
 41465 | Elf:3    | Reached skill level 10 in Evocations
 41625 | Elf:3    | Identified the Reference Book on Necromancy and Poisoning
 41689 | Elf:3    | Identified the Guide on the Creative Oath
 41712 | Elf:3    | Identified the Reference Book on Hexes and Stones
 42171 | Spider:1 | Entered Level 1 of the Spider Nest
 42632 | Spider:1 | Received a gift from Trog
 43557 | Spider:2 | Identified Roxanne's Guide on Earth
 43557 | Spider:2 | Noticed Roxanne
 43574 | Spider:2 | Reached skill level 10 in Bows
 43575 | Spider:2 | Killed Roxanne
 43734 | Spider:2 | Found a runed translucent door.
 43734 | Spider:2 | Found a shimmering altar of Xom.
 43734 | Spider:2 | Noticed Qoqufel's ghost (journeyman GrFi)
 43734 | Spider:2 | Identified the +3 scythe of Irchahai {chaos, +Blink rElec
                  | rF+++ Int-5}
 43752 | Spider:2 | Killed Qoqufel's ghost
 43788 | Spider:2 | Identified the +3 dagger "Doyc" {flame, Int+3}
 44405 | Spider:2 | Received a gift from Trog
 45822 | Spider:4 | Entered Level 4 of the Spider Nest
 47062 | Spider:4 | Received a gift from Trog
 48378 | Spider:4 | Got a gossamer rune of Zot
 48665 | Lair:1   | Upgraded the game from 0.27-a0-1312-g5cdb2b3542 to
                  | 0.27-a0-1322-gfdffb62a71
 48755 | Shoals:1 | Entered Level 1 of the Shoals
 48755 | Shoals:1 | Noticed Jorgrun
 48761 | Shoals:1 | Reached XP level 20. HP: 187/187 MP: 19/19
 48771 | Lair:2   | Killed Jorgrun
 49106 | Shoals:1 | Received a gift from Trog
 49229 | Shoals:1 | Reached skill level 10 in Throwing
 50383 | Shoals:2 | Received a gift from Trog
 50697 | Shoals:2 | Found Luos's CLEARANCE SALE! EVERYTHING MUST GO!.
 51417 | Shoals:3 | Reached skill level 21 in Axes
 51681 | Shoals:3 | Found a runed translucent gate.
 51681 | Shoals:3 | Found a runed translucent gate.
 51681 | Shoals:3 | Found a runed translucent gate.
 51681 | Shoals:3 | Noticed krigyl's ghost (adept GrEE)
 52024 | Shoals:4 | Entered Level 4 of the Shoals
 52120 | Shoals:4 | Found a hide-covered altar of Uskayaw.
 52295 | Shoals:4 | Received a gift from Trog
 52585 | Shoals:4 | Found the +2 robe of Vines {NoPotionHeal Regen+++}
 52848 | Shoals:4 | Identified the +3 ring mail of Floral Tender Moments {rElec
                  | rF- Dex+2}
 53493 | Shoals:4 | Got a barnacled rune of Zot
 53583 | Shoals:4 | Found Ceveol's Armour Emporium.
 54197 | Orc:2    | Bought a scroll of enchant weapon for 285 gold pieces
 54199 | Orc:2    | Bought a scroll of enchant armour for 82 gold pieces
 54684 | Lair:1   | Upgraded the game from 0.27-a0-1322-gfdffb62a71 to
                  | 0.27-a0-1324-ge0d8e047f6
 54786 | Vaults:1 | Entered Level 1 of the Vaults
 55117 | Vaults:1 | Reached skill level 22 in Axes
 55145 | Vaults:1 | Noticed Aizul
 55163 | Vaults:1 | Killed Aizul
 55173 | Vaults:1 | Reached XP level 21. HP: 174/195 MP: 20/20
 55179 | Vaults:1 | Received a gift from Trog
 56587 | Vaults:1 | Identified the +10 arbalest "Uwaisipa" {penet, rPois rC+
                  | Dex-4}
 56599 | Vaults:1 | Identified the +2 flail of the Puffball {elec, rC+ rCorr}
 57697 | Vaults:2 | You fall into a shaft and drop 1 floor!
 57996 | Vaults:2 | Received a gift from Trog
 58822 | Vaults:2 | Found a staircase to the Crypt.
 58822 | Vaults:2 | Found a basalt altar of Yredelemnul.
 58822 | Vaults:2 | Found an ancient bone altar of Kikubaaqudgha.
 59221 | Vaults:2 | Identified the +1 ring mail "Wubahoidd" {Contam rElec SInv}
 59445 | Vaults:2 | Received a gift from Trog
 61075 | Vaults:3 | Reached XP level 22. HP: 209/209 MP: 21/21
 61230 | Vaults:3 | Identified the +6 scale mail of a ziggurat {rC+}
 61267 | Vaults:3 | Received a gift from Trog
 62128 | Vaults:4 | Reached skill level 23 in Axes
 62504 | Vaults:4 | Received a gift from Trog
 62556 | Vaults:4 | Reached skill level 15 in Armour
 62907 | Vaults:4 | Paralysed by a great orb of eyes for 7 turns
 63420 | Vaults:4 | Identified the +8 chain mail of Geydgh {+Blink rF+ rC- rN+}
 64826 | Depths:1 | Entered Level 1 of the Depths
 64836 | D:15     | Received a gift from Trog
 65605 | Depths:1 | Found a gateway to Hell.
 65845 | Depths:1 | Reached skill level 24 in Axes
 66410 | Depths:1 | Reached XP level 23. HP: 212/213 MP: 22/22
 66454 | Depths:1 | Received a gift from Trog
 66928 | Depths:1 | Reached skill level 15 in Dodging
 67527 | Depths:2 | Paralysed by a floating eye for 2 turns
 67900 | Depths:2 | Reached skill level 15 in Bows
 68076 | Depths:2 | Found Weof's Assorted Antiques.
 68965 | Depths:2 | Found a one-way gate to the infinite horrors of the Abyss.
 68983 | Depths:2 | Found a gateway to a ziggurat.
 69476 | Depths:3 | Received a gift from Trog
 69824 | Depths:3 | Paralysed by a sphinx for 5 turns
 69985 | Depths:3 | Noticed a royal mummy
 69999 | Depths:3 | Killed a royal mummy
 70409 | Depths:3 | Noticed a royal mummy
 70424 | Depths:3 | Killed a royal mummy
 71170 | Depths:3 | Found a one-way gate leading to the halls of Pandemonium.
 71172 | Depths:3 | Gained mutation: Your magical capacity is low. (-10% MP) [a
                  | neqoxec]
 71673 | Lair:1   | Upgraded the game from 0.27-a0-1324-ge0d8e047f6 to
                  | 0.27-a0-1325-g58a489ad9e
 72147 | Depths:3 | Reached skill level 15 in Throwing
 72452 | Depths:3 | Received a gift from Trog
 73654 | Depths:4 | Reached XP level 24. HP: 218/226 MP: 19/19
 74025 | Depths:4 | Found an opulent altar of Gozag.
 74280 | Depths:4 | Paralysed by a vampire knight for 6 turns
 74923 | Depths:5 | Entered Level 5 of the Depths
 75648 | Depths:5 | Received a gift from Trog
 75916 | Depths:5 | Found a gate to the Realm of Zot.
 77280 | Depths:5 | Received a gift from Trog
 77465 | Depths:5 | Acquired the +1 pair of boots of Izeqeat {rN+}
 79775 | Vaults:5 | Entered Level 5 of the Vaults
 80118 | Vaults:4 | Reached skill level 25 in Axes
 80513 | Vaults:5 | Reached XP level 25. HP: 238/238 MP: 19/19
 80693 | Vaults:4 | Received a gift from Trog
 81663 | Vaults:5 | Cast into level 2 of the Abyss (war gargoyle)
 81667 | Abyss:2  | Found a corrupted altar of Lugonu.
 81819 | Vaults:5 | Escaped the Abyss
 82054 | Vaults:5 | Identified the +9 long sword of Miag {protect, Dex+3}
 82273 | Vaults:5 | Paralysed by a sphinx for 5 turns
 82467 | Vaults:5 | Reached skill level 26 in Axes
 82470 | Vaults:5 | Received a gift from Trog
 83800 | Vaults:5 | Identified the +1 ring mail of the Gate {rC+ Regen+ rCorr}
 83811 | Vaults:5 | Identified the +6 chain mail "Zoibrupp" {Str+5}
 83859 | Vaults:5 | Noticed a dread lich
 83860 | Vaults:5 | Paralysed by a dread lich for 3 turns
 83875 | Vaults:5 | Killed a dread lich
 83887 | Vaults:5 | Identified Hetoeh's Grimoire of the Entrancing Escort
 84022 | Vaults:5 | Identified the +3 plate armour of Kym Yniu {rElec Regen+}
 84042 | Vaults:5 | Got a silver rune of Zot
 84044 | Vaults:5 | Lost mutation: Your magical capacity is low. (-10% MP)
                  | [potion of mutation]
 84044 | Vaults:5 | Lost mutation: You are weak. (Str -2) [potion of mutation]
 84044 | Vaults:5 | Gained mutation: Your spells are a little easier to cast,
                  | but a little less powerful. [potion of mutation]
 84044 | Vaults:5 | Gained mutation: You are agile. (Dex +2) [potion of
                  | mutation]
 84044 | Vaults:5 | Gained mutation: Your magical capacity is low. (-10% MP)
                  | [potion of mutation]
 84044 | Vaults:5 | Gained mutation: You are partially covered in iridescent
                  | scales. (AC +2) [potion of mutation]
 84794 | Elf:1    | Bought a potion of heal wounds for 205 gold pieces
 84794 | Elf:1    | Bought a potion of haste for 410 gold pieces
 84794 | Elf:1    | Bought a potion of haste for 410 gold pieces
 85221 | Zot:1    | Entered Level 1 of the Realm of Zot
 85274 | Zot:1    | Received a gift from Trog
 85458 | Zot:1    | Reached XP level 26. HP: 246/246 MP: 18/19
 87557 | Zot:2    | Acquired a manual of Bows
 91799 | Zot:3    | Received a gift from Trog
 92830 | Zot:3    | Reached XP level 27. HP: 256/256 MP: 19/19
 93297 | Zot:3    | Identified the +1 chain mail "Iwuol" {rF+}
 93583 | Zot:4    | Identified the +0 leather armour of the Griffon {Int+5}
 94401 | Slime:1  | Entered Level 1 of the Pits of Slime
 95944 | Slime:3  | Gained mutation: You have large cloven feet. [a shining
                  | eye]
 96717 | Slime:4  | Received a gift from Trog
 96858 | Slime:5  | Entered Level 5 of the Pits of Slime
 97426 | Slime:5  | Found a viscous altar of Jiyva.
 97472 | Slime:5  | Gained mutation: Your magical capacity is very low. (-20%
                  | MP) [a shining eye]
 97474 | Slime:5  | Gained mutation: You are weak. (Str -2) [a shining eye]
 97475 | Slime:5  | Gained mutation: You do not regenerate when monsters are
                  | visible. [a shining eye]
 97507 | Slime:5  | Noticed the Royal Jelly
 97520 | Slime:5  | Killed the Royal Jelly
 97575 | Slime:5  | Identified the Compendium of the Frigorific Oath
 97581 | Slime:5  | Got a slimy rune of Zot
 97592 | Slime:5  | Found the +8 frozen axe "Frostbite" {freezing cloud, *Noise
                  | Fly rC+}
 97634 | Slime:5  | Identified the +0 robe of Foenlah {Dex+4 Slay+3}
 97689 | Slime:5  | Identified the +6 broad axe of Currency {pain, *Rage rF++
                  | Dex+6}
 97726 | Slime:5  | Identified the ring "Teashev" {Will+ Dex+5 Stlth+}
 99574 | Shoals:4 | Identified the Incunabulum of Venom and the Mountains
100136 | Vaults:5 | Identified the +7 halberd of Iquul {pain, Int+4 Stlth+}
100136 | Vaults:5 | Identified the amulet of Archeem {Spirit rElec Str+4 Int-3
                  | Slay+3}
101105 | Orc:2    | Bought a sparkling book for 570 gold pieces
101247 | Lair:1   | Lost mutation: You are partially covered in iridescent
                  | scales. (AC +2) [potion of mutation]
101247 | Lair:1   | Lost mutation: Your magical capacity is very low. (-20% MP)
                  | [potion of mutation]
101247 | Lair:1   | Lost mutation: You have large cloven feet. [potion of
                  | mutation]
101247 | Lair:1   | Gained mutation: You are robust. (+10% HP) [potion of
                  | mutation]
101247 | Lair:1   | Gained mutation: Your magical capacity is very low. (-20%
                  | MP) [potion of mutation]
101247 | Lair:1   | Gained mutation: Your body sometimes deteriorates upon
                  | taking damage. [potion of mutation]
101247 | Lair:1   | Gained mutation: Your system is resistant to poisons.
                  | (rPois) [potion of mutation]
101248 | Lair:1   | Lost mutation: You are agile. (Dex +2) [potion of mutation]
101248 | Lair:1   | Lost mutation: Your magical capacity is very low. (-20% MP)
                  | [potion of mutation]
101248 | Lair:1   | Gained mutation: Your movements are slightly less
                  | encumbered by armour. (ER -2) [potion of mutation]
101248 | Lair:1   | Lost mutation: You are weak. (Str -2) [potion of mutation]
101249 | Lair:1   | Lost mutation: Your magical capacity is low. (-10% MP)
                  | [potion of mutation]
101249 | Lair:1   | Lost mutation: Your system is resistant to poisons. (rPois)
                  | [potion of mutation]
101249 | Lair:1   | Gained mutation: You are dopey. (Int -2) [potion of
                  | mutation]
101249 | Lair:1   | Gained mutation: Armour fits poorly on your strangely
                  | shaped body. [potion of mutation]
101250 | Lair:1   | Lost mutation: Your movements are slightly less encumbered
                  | by armour. (ER -2) [potion of mutation]
101250 | Lair:1   | Lost mutation: Your body sometimes deteriorates upon taking
                  | damage. [potion of mutation]
101250 | Lair:1   | Lost mutation: Your spells are a little easier to cast, but
                  | a little less powerful. [potion of mutation]
101250 | Lair:1   | Gained mutation: Your body sometimes deteriorates upon
                  | taking damage. [potion of mutation]
101251 | Lair:1   | Lost mutation: You are dopey. (Int -2) [potion of mutation]
101251 | Lair:1   | Lost mutation: Your body sometimes deteriorates upon taking
                  | damage. [potion of mutation]
101251 | Lair:1   | Gained mutation: You have sharp toenails. [potion of
                  | mutation]
101251 | Lair:1   | Gained mutation: You are agile. (Dex +2) [potion of
                  | mutation]
101252 | Lair:1   | Lost mutation: Armour fits poorly on your strangely shaped
                  | body. [potion of mutation]
101252 | Lair:1   | Lost mutation: You are agile. (Dex +2) [potion of mutation]
101252 | Lair:1   | Gained mutation: Your mind is acute. (Int +2) [potion of
                  | mutation]
101252 | Lair:1   | Gained mutation: You are somewhat resistant to further
                  | mutation. [potion of mutation]
101252 | Lair:1   | Gained mutation: You are resistant to electric shocks.
                  | (rElec) [potion of mutation]
101253 | Lair:1   | Lost mutation: You are somewhat resistant to further
                  | mutation. [potion of mutation]
101253 | Lair:1   | Lost mutation: Your mind is acute. (Int +2) [potion of
                  | mutation]
101253 | Lair:1   | Gained mutation: You are weak. (Str -2) [potion of
                  | mutation]
101253 | Lair:1   | Gained mutation: Your spells are a little harder to cast,
                  | but a little more powerful. [potion of mutation]
101254 | Lair:1   | Lost mutation: You do not regenerate when monsters are
                  | visible. [potion of mutation]
101254 | Lair:1   | Lost mutation: Your spells are a little harder to cast, but
                  | a little more powerful. [potion of mutation]
101254 | Lair:1   | Gained mutation: You are dopey. (Int -2) [potion of
                  | mutation]
101254 | Lair:1   | Lost mutation: You are robust. (+10% HP) [potion of
                  | mutation]
101254 | Lair:1   | Lost mutation: You are dopey. (Int -2) [potion of mutation]
101258 | Lair:1   | Upgraded the game from 0.27-a0-1325-g58a489ad9e to
                  | 0.27-a0-1332-g84bddb5ca7
101258 | Lair:1   | Upgraded the game from 0.27-a0-1332-g84bddb5ca7 to
                  | 0.27-a0-1347-gd8886f0a89
103186 | Zot:5    | Entered Level 5 of the Realm of Zot
103425 | Zot:4    | HP: 11/261 [white draconian monk (30)]
103427 | Zot:4    | Slain by a white draconian monk

Illustrated notes

Levels and vault maps discovered:
D:1:      saegor_arrival_fortress, layout_rooms, serial_shops,
          nicolae_shop_crystal
D:2:      kennysheep_six_static_rooms, layout_loops_corners,
          ebering_ecumenical_altar_mist, minmay_circle_x, uniq_natasha,
          uniq_jessica
D:3:      layout_basic, minmay_misc_feat_iff, minmay_misc_feat_alley
D:4:      layout_loops_ring, portal_sewer_entry_b,
          chequers_serial_rivers_micro_d
D:5:      layout_basic, grunt_temple_overflow_gold_and_silver,
          nicolae_dithmenos_through_a_glass_darkly,
          minmay_temple_entry_antechambers, enter_ossuary_4, uniq_blork_the_orc
D:6:      layout_loops_ring, slow_altar_1, kennysheep_opposing_triangles
D:7:      layout_basic, chequers_serial_rivers_micro_b,
          guppyfry_early_elven_hall
D:8:      layout_cave_pods, chequers_temple_overflow_statue_of_worship,
          enter_bailey_3, uniq_maggie
D:9:      layout_stronghold, erik_orc_1, minmay_unpleasant_kobolds,
          uniq_gastronok
D:10:     layout_stronghold, lemuel_round_altar, minmay_lair_entry_grove,
          chequers_serial_rivers_small_3
D:11:     layout_roguey, serial_ice, serial_ice_c, serial_ice_n, serial_ice_f,
          serial_ice_k, serial_ice_a
D:12:     layout_gridville, serial_glass, glass_columns_c, glass_columns_b
D:13:     minmay_bloctagon, layout_gridville, uniq_nessos
D:14:     hangedman_what_comes_after_a, layout_cross,
          skrybe_vaults_entry_preservation, ebering_ghost_disaster_area,
          gauntlet_entry_generic, serial_shops, kennysheep_mini_moat,
          minmay_misc_feat_secret_circle, ashenzari_altar_1
D:15:     gammafunk_enter_depths_forms, layout_rooms
Lair:1:   beast_lair_carwin_large_1, layout_regular_city,
          kennysheep_abandoned_house
Lair:2:   layout_hall_layers, minmay_shoals_entry_hut, patterned_corridor,
          infiniplex_staircase_pool_2, grunt_megastairs_1
Lair:3:   layout_gridlike
Lair:4:   layout_long_grid, spider_nest_entry_webs
Lair:5:   layout_misc_corridors, nicolae_quartered_pool_little,
          beast_lair_carwin_10, minmay_lair_oklob_chamber,
          infiniplex_staircase_pool
Lair:6:   gammafunk_lair_ancient_temple, layout_cellular_growth, slime_altar_1
Shoals:1: layout_shoals, uniq_jorgrun
Shoals:2: layout_shoals, nicolae_shop_clearance
Shoals:3: layout_shoals, ebering_ghost_rock_garden
Shoals:4: shoals_end_simple, layout_shoals, serial_shops,
          nicolae_shop_statue_plus, regret_index_shoals_crete
Spider:1: layout_spider_delve, drop_trap, einodemon_crawler_minivault
Spider:2: layout_spider_delve, ebering_ghost_xom, nicolae_spider_orb_run,
          uniq_roxanne
Spider:3: layout_spider_delve
Spider:4: spider_rune_water
Slime:1:  layout_caves
Slime:2:  layout_caves
Slime:3:  layout_caves
Slime:4:  layout_caves
Slime:5
Orc:1:    layout_caves, uniq_snorg
Orc:2:    st_orc_mages, layout_diamond_mine, serial_shops, shop, uniq_azrael,
          uniq_saint_roka
Elf:1:    elf_arrival_002, layout_loops_ring, minmay_elf_demonology,
          grunt_megastairs_5, minmay_shop_star
Elf:2:    layout_gridlike, roderic_lattice_octagonal_star, uniq_nikola
Elf:3:    elf_hall_gauntlet_narrow, layout_onion_city
Vaults:1: nicolae_vaults_little_squares_6, hangedman_vaults_stretched_pinwheel,
          vaults_room_semicircle, hangedman_vaults_trim,
          nicolae_vaults_network_square, v_misc_19,
          nicolae_vaults_yaktaur_gun_rack, vaults_room_stairs_pillars,
          v_alt_pattern_2, v_misc_27, v_misc_33, vaults_mumra_lcd,
          nicolae_vaults_specimen_jars, st_cells, layout_vaults_big_cross,
          uniq_aizul
Vaults:2: ontoclasm_vaults_pinch, v_misc_16, v_rooms_3,
          minmay_crypt_entry_necro_gods, v_misc_28, vaults_dpeg_encased_lava,
          st_spiral_rooms, vaults_room_large_hall, vaults_mumra_hex,
          layout_vaults_chaotic_city, serial_glass, uniq_margery
Vaults:3: v_misc_29, hangedman_vaults_nodes, vaults_room_hangedman_quadrants,
          ontoclasm_vaults_gateway, hangedman_vaults_capsules,
          nicolae_vaults_circle_grid_b, nicolae_vaults_mini_display_case,
          v_misc_1, vaults_room_door_ring, hangedman_vaults_slice,
          vaults_room_pools, layout_vaults_ring
Vaults:4: nicolae_vaults_network_s, serial_ice_h, ontoclasm_vaults_shuriken,
          nicolae_vaults_little_squares_5, v_misc_33, dpeg_vaults_monster_row,
          vaults_room_fancy_cross, v_misc_3, v_misc_30, v_misc_10,
          vaults_room_large_hall, ontoclasm_vaults_bender,
          hangedman_vaults_stretched_pinwheel, nicolae_vaults_little_squares_4,
          nicolae_vaults_quartermaster, layout_vaults_maze
Vaults:5
Depths:1: layout_gridville, hell_entry, kennysheep_cluttered_room, st_stairs_7,
          minmay_guarded_unrand_curses, grunt_megastairs_4, firewood_loft
Depths:2: minmay_the_grid_octo_tiled_octocenter
          [minmay_the_grid_octo_fat_diamond, minmay_the_grid_octo_horde,
          minmay_the_grid_octo_teeth, minmay_the_grid_octo_checkered,
          minmay_the_grid_octo_prize_single_spiral,
          minmay_the_grid_square_5x5_minibox,
          minmay_the_grid_square_5x5_minimal,
          minmay_the_grid_square_5x5_hollow_slash,
          minmay_the_grid_square_5x5_minivault], layout_gridville,
          enter_ziggurat_b, hangedman_abyss_or_decor_clamps, serial_sigils,
          serial_sigils_hangedman_leer, serial_sigils_hangedman_snap,
          serial_sigils_hangedman_quiver, serial_sigils_hangedman_stare,
          serial_shops, nicolae_shop_statue_plus, hell_entry, abyss_entry
Depths:3: ragdoll_tomb_raider, layout_gridlike, minmay_misc_feat_rugged,
          hell_entry, grunt_pan_entry_sceptre
Depths:4: minmay_ambush_box, layout_cave_shapes, grunt_gozag_breadcrumbs,
          hellmouth_1, hangedman_abyss_entry_splay,
          infiniplex_staircase_split_hallway
Depths:5: grunt_x_marks_the_spot, layout_gridlike, grunt_hell_horde,
          grunt_decor_arrowhead, pan_entry
Zot:1:    layout_twisted_circle
Zot:2:    layout_cathedral_of_symmetry
Zot:3:    layout_misc_corridors, hangedman_zot_wheel_spokes
Zot:4:    layout_gridlike
Zot:5:    layout_onion, st_stairs_6

Skill      XL: |  1  2  3  4  5  6  7  8  9 10 11 12 13 14 15 16 17 18 19 20 21 22 23 24 25 26 27 |
---------------+----------------------------------------------------------------------------------+-----
Fighting       | 4 5 6 7 8 9 12 14 16 18 20 22 24 | 24.0
Axes           | 4 5 6 7 8 10 12 14 16 17 19 20 22 24 25 26 | 26.0
Armour         | 6 7 11 12 14 16 18 20 21 | 21.9
Dodging        | 5 7 11 12 13 14 16 17 19 20 | 20.7
Evocations     | 4 5 7 9 12 | 12.0
Shields        | 3 11 12 | 12.0
Bows           | 5 8 12 14 16 17 20 | 20.0
Throwing       | 5 8 9 10 13 14 15 16 | 16.0

Action                   |  1- 3 |  4- 6 |  7- 9 | 10-12 | 13-15 | 16-18 | 19-21 | 22-24 | 25-27 || total
-------------------------+-------+-------+-------+-------+-------+-------+-------+-------+-------++-------
Melee: Hand axe          |    68 |    84 |       |       |       |       |       |       |       ||   152
       Headbutt          |     7 |    15 |    44 |    70 |   184 |   136 |   279 |   330 |   300 ||  1365
       Broad axe         |       |    72 |   164 |       |    37 |       |       |       |       ||   273
       Battleaxe         |       |       |    34 |   359 |   649 |   544 |   877 |   977 |   585 ||  4025
       Executioner's axe |       |       |       |       |       |       |       |       |   209 ||   209
 Fire: Hunting sling     |       |    28 |    31 |    24 |   125 |       |       |       |       ||   208
       Longbow           |       |       |       |       |    81 |   311 |   762 |   459 |   715 ||  2328
Throw: Boomerang         |       |       |     1 |    39 |     3 |       |       |       |       ||    43
       Javelin           |       |       |       |     4 |    16 |     6 |     4 |    10 |    16 ||    56
Invok: Berserk           |     1 |     1 |     7 |     6 |    12 |    10 |    14 |    13 |    17 ||    81
       Brothers in Arms  |       |       |       |     4 |     5 |     2 |     3 |       |     2 ||    16
       Trog's Hand       |       |       |       |       |     1 |       |     2 |     2 |     3 ||     8
Evoke: Wand              |       |       |       |     5 |     1 |     4 |    12 |     1 |    18 ||    41
       Box of beasts     |       |       |       |       |       |     1 |       |       |       ||     1
       Phial of floods   |       |       |       |       |       |     1 |       |       |       ||     1
       Condenser vane    |       |       |       |       |       |       |       |     1 |       ||     1
  Use: Scroll            |       |     2 |    13 |     5 |     8 |     8 |     7 |    11 |    18 ||    72
       Potion            |       |       |       |     1 |     1 |     4 |     1 |       |    14 ||    21
 Stab: Confused          |       |       |       |     1 |       |       |       |       |       ||     1
       Distracted        |       |       |       |       |     2 |       |       |     1 |     1 ||     4
       Held in net/web   |       |       |       |       |       |       |     2 |       |       ||     2
Armor: Animal skin       |     9 |     3 |       |       |       |       |       |       |       ||    12
       Scale mail        |       |    38 |    11 |       |       |       |       |       |       ||    49
       Acid dragon scale |       |       |    48 |   172 |    12 |       |       |       |       ||   232
       Ring mail         |       |       |       |       |   274 |   186 |   333 |    56 |       ||   849
       Chain mail        |       |       |       |       |       |       |       |   154 |       ||   154
       Gold dragon scale |       |       |       |       |       |       |       |   283 |   747 ||  1030
Dodge: Dodged            |    30 |    69 |   115 |   272 |   632 |   394 |  1370 |   885 |   805 ||  4572
Block: Kite shield       |       |       |       |       |     5 |       |       |       |       ||     5

Table legend: (Time is in decaauts)
 A = Elapsed time spent in this place.
 B = Non-inter-level travel time spent in this place.
 C = Inter-level travel time spent in this place.
 D = Time resting spent in this place.
 E = Time spent auto-exploring this place.
 F = Levels seen in this place.
 G = Mean time per level.
                   A        B        C        D        E       F      G
               +--------+--------+--------+--------+--------+-----+--------+
         Total | 103542 |  90650 |  12892 |  37977 |  34068 |  59 | 1754.9 |
       Dungeon |  27209 |  22004 |   5205 |   9742 |   8503 |  15 | 1813.9 |
          Lair |   9719 |   7828 |   1891 |   1167 |   3878 |   6 | 1619.8 |
        Shoals |   5730 |   5374 |    356 |   2041 |   2244 |   4 | 1432.5 |
   Spider Nest |   6742 |   6225 |    517 |   2593 |   2601 |   4 | 1685.5 |
    Slime Pits |   3392 |   3271 |    121 |   1306 |   1087 |   5 |  678.4 |
  Orcish Mines |   2334 |   1688 |    646 |    367 |    576 |   2 | 1167.0 |
   Elven Halls |   7589 |   6957 |    632 |   2825 |   2426 |   3 | 2529.7 |
        Vaults |  14139 |  12779 |   1360 |   5568 |   4725 |   5 | 2827.8 |
        Depths |  12973 |  11323 |   1650 |   4774 |   5119 |   5 | 2594.6 |
           Zot |  10618 |  10107 |    511 |   6135 |   2871 |   5 | 2123.6 |
         Abyss |    415 |    415 |      0 |    119 |     33 |   2 |  207.5 |
         Sewer |   1108 |   1108 |      0 |    642 |      1 |   1 | 1108.0 |
       Ossuary |    863 |    863 |      0 |    438 |      0 |   1 |  863.0 |
      Gauntlet |    704 |    704 |      0 |    254 |      0 |   1 |  704.0 |
               +--------+--------+--------+--------+--------+-----+--------+

Top non-repeatable levels by time:
   Zot:2: 5149 daAuts
Depths:3: 3503 daAuts
Vaults:4: 3482 daAuts
Vaults:5: 3385 daAuts
   Elf:3: 3190 daAuts
  Lair:1: 3014 daAuts
Vaults:1: 2966 daAuts
     D:9: 2940 daAuts
Depths:1: 2887 daAuts
   Elf:2: 2632 daAuts
    D:13: 2573 daAuts
    D:10: 2460 daAuts
    D:14: 2378 daAuts
Vaults:2: 2364 daAuts
Spider:4: 2307 daAuts
